 Dungeon Crawl Stone Soup version 0.24.0-1-gfbc8707 (webtiles) character file.

Game seed: 12686282102236555696, levelgen mode: deterministic

1689 Fang the Skirmisher (level 9, -5/57 HPs)
             Began as a Gargoyle Berserker on Nov 6, 2019.
             Was a Believer of Trog.
             Slain by a porcupine (8 damage)
             ... on level 8 of the Dungeon on Nov 7, 2019.
             The game lasted 00:13:37 (6469 turns).

Fang the Skirmisher (Gargoyle Berserker)            Turns: 6469, Time: 00:13:37

Health: -5/57      AC: 18    Str: 25    XL:     9   Next: 2%
Magic:  9/9        EV:  7    Int:  7    God:    Trog [**....]
Gold:   334        SH: 10    Dex: 14    Spells: 8/8 levels left

rFire    . . .     SeeInvis +   a - +1 hand axe
rCold    . . .     Gourm    .   w - +0 shield of Paranoia {Dex+5}
rNeg     + . .     Faith    .   b - +0 plate armour
rPois    ∞         Spirit   .   (no helmet)
rElec    +         Reflect  .   (no cloak)
rCorr    .         Harm     .   (no gloves)
MR       .....                  (no boots)
Stlth    ..........             (no amulet)
HPRegen  0.19/turn              d - ring of see invisible
MPRegen  0.11/turn              (no ring)

@: berserk cooldown, slowed, very slow
A: negative energy resistance 1, electricity resistance, unbreathing,
petrification resistance, rot immunity, AC +6
a: Berserk, Trog's Hand, Renounce Religion


You were on level 8 of the Dungeon.
You worshipped Trog.
Trog was pleased with you.
You were not hungry.

You visited 2 branches of the dungeon, and saw 9 of its levels.

You collected 334 gold pieces.

Inventory:

Hand Weapons
 a - a +1 hand axe (weapon)
Armour
 b - a +0 plate armour (worn)
 w - the +0 shield of Paranoia (worn) {Dex+5}
   (You found it on level 5 of the Dungeon)

   It affects your dexterity (+5).
Jewellery
 d - a ring of see invisible (left hand)
 f - an uncursed amulet of rage
Wands
 k - a wand of random effects (31)
 n - a wand of paralysis (7)
 q - a wand of polymorph (7)
 t - a wand of scattershot (5)
 v - a wand of disintegration (7)
 x - a wand of acid (14)
Scrolls
 e - 3 scrolls of identify
 g - 4 scrolls of teleportation
 i - 3 scrolls of remove curse
 j - a scroll of summoning {unknown}
 r - a scroll of enchant armour {unknown}
 s - a scroll of enchant weapon
 u - a scroll of noise {unknown}
Potions
 h - a potion of cancellation {unknown}
 l - 2 potions of heal wounds
 m - a potion of flight {unknown}
 o - 2 potions of agility {unknown}
 p - 5 potions of curing
 z - 2 potions of mutation
Comestibles
 c - 21 rations


   Skills:
 * Level 7.2 Fighting
 * Level 6.0 Axes
 + Level 5.2 Armour
 + Level 3.9 Dodging
 * Level 4.1 Shields


You had 8 spell levels left.
You didn't know any spells.
Your spell library was empty.

Dungeon Overview and Level Annotations

Branches:
Dungeon (8/15)             Temple (1/1) D:5
   Lair: D:8-11

Altars:
Ashenzari
Cheibriados
Dithmenos
Nemelex Xobeh
Qazlal
Trog
Yredelemnul

Shops:
D:8 [

Annotations:
D:3 2 runed translucent doors, Tang's ghost, amateur DsFi


Innate Abilities, Weirdness & Mutations

You are resistant to torment.
Your stone body is resilient. (AC +6)
You are immune to poison.
You resist negative energy. (rN+)
You are resistant to electric shocks. (rElec)
You can survive without breathing.
You are immune to petrification.
You are immune to rotting.


Message History

The porcupine bites you but does no damage.
You block the porcupine's attack. The porcupine closely misses you.
The porcupine bites you but does no damage.
You completely miss the porcupine.
You are struck by the porcupine's spines.
* * * LOW HITPOINT WARNING * * *
You slash the porcupine! You hit the plant but do no damage.
The porcupine bites you.
* * * LOW HITPOINT WARNING * * *
The porcupine bites you but does no damage.
The porcupine bites you.
* * * LOW HITPOINT WARNING * * *
The porcupine bites you but does no damage.
You are struck by the porcupine's spines.
* * * LOW HITPOINT WARNING * * *
You hit the porcupine.
The porcupine is lightly wounded.
You hit the plant. You hit the porcupine. You block the porcupine's attack. x2
The porcupine bites you!
You die... .P!.PP.PP.PP... #..P..P..P..PP. #..PP..PPP.PPPP

#..PPP....PPP. #
#...PPP..P.P.. #.
##?.P.PP...P.P.
#.##..PP..PrP...P.
#.........@....P.#
#.......r$.P?..#
#...............
##.....#.#######
##÷††.#.# ##.).#.###
#.)......
############.#.#.###
.............#.....


You could see 2 porcupines.

Vanquished Creatures
  Menkaure (D:6)
  A porcupine (D:8)
  A black bear (D:8)
  2 ice beasts (D:7)
  An ogre (D:7)
  3 phantoms
  A centaur (D:7)
  2 howler monkeys
  A bullfrog zombie (D:5)
  4 hounds
  A jelly (D:8)
  Ijyb (D:3)
  2 bullfrog skeletons
  2 iguanas
  8 worker ants
  Natasha (D:3)
  A hound zombie (D:7)
  A hound skeleton (D:4)
  7 adders
  A shadow imp (D:6)
  2 oozes
  2 worms (D:2)
  2 dart slugs
  A leopard gecko (D:4)
  9 orcs
  2 giant cockroaches
  6 goblins
  7 hobgoblins
  6 kobolds
  3 quokkas
  7 bats
  2 frilled lizards (D:4)
  8 rats
99 creatures vanquished.

Vanquished Creatures (others)
  3 fungi (D:8)
3 creatures vanquished.

Grand Total: 102 creatures vanquished

Notes
Turn   | Place    | Note
-------+----------+-------------------------------------------
     0 | D:1      | Fang the Gargoyle Berserker began the quest for the Orb.
     0 | D:1      | Reached XP level 1. HP: 14/14 MP: 1/1
   271 | D:1      | Reached XP level 2. HP: 19/19 MP: 2/2
   814 | D:1      | Reached XP level 3. HP: 23/23 MP: 3/3
  1592 | D:2      | Reached XP level 4. HP: 15/29 MP: 4/4
  2177 | D:3      | Noticed Ijyb
  2187 | D:3      | Killed Ijyb
  2187 | D:3      | Reached ** piety under Trog
  2187 | D:3      | Reached skill level 4 in Fighting
  2339 | D:3      | Noticed Natasha
  2346 | D:3      | Killed Natasha
  2346 | D:3      | Reached XP level 5. HP: 33/33 MP: 5/5
  2798 | D:3      | Found a large runed translucent door.
  2798 | D:3      | Found a large runed translucent door.
  2798 | D:3      | Noticed Tang's ghost (amateur DsFi)
  3218 | D:4      | Reached XP level 6. HP: 27/39 MP: 6/6
  3339 | D:4      | Reached skill level 5 in Fighting
  3929 | D:5      | Entered Level 5 of the Dungeon
  3929 | D:5      | Found a shadowy altar of Dithmenos.
  3929 | D:5      | Noticed a phantom
  3954 | D:5      | Killed a phantom
  3954 | D:5      | Reached XP level 7. HP: 44/44 MP: 7/7
  4139 | D:5      | Got an ancient shield
  4145 | D:5      | Identified the cursed +0 shield of Paranoia {Dex+5} (You
                  | found it on level 5 of the Dungeon)
  4178 | D:5      | Found a staircase to the Ecumenical Temple.
  4209 | Temple   | Entered the Ecumenical Temple
  4560 | D:6      | Noticed Menkaure
  4572 | D:6      | Killed Menkaure
  4572 | D:6      | Reached skill level 6 in Fighting
  4572 | D:6      | Reached skill level 5 in Axes
  4572 | D:6      | Reached skill level 1 in Shields
  5114 | D:7      | Reached XP level 8. HP: 47/51 MP: 8/8
  5164 | D:7      | Found a snail-covered altar of Cheibriados.
  5298 | D:7      | Found a sparkling altar of Nemelex Xobeh.
  6364 | D:7      | Reached skill level 5 in Armour
  6408 | D:8      | Found Womygec's Antique Armour Shop.
  6440 | D:8      | Reached skill level 7 in Fighting
  6447 | D:8      | Reached XP level 9. HP: 57/57 MP: 9/9
  6469 | D:8      | HP: 2/57 [porcupine's spines (3)]
  6469 | D:8      | Slain by a porcupine

Levels and vault maps discovered:
D:1:      dpeg_arrival_tiny_f, layout_loops_corners, kennysheep_boxes
D:2:      layout_basic
D:3:      layout_loops_ring, ebering_ghost_disaster_area,
          chequers_serial_rivers_micro_c, kennysheep_generic_room_2,
          uniq_natasha, uniq_ijyb
D:4:      wad_pebble_path, layout_basic
D:5:      layout_rooms, minmay_temple_entry_large_hall, first_ration,
          lemuel_tele_altar
D:6:      layout_rooms, minmay_misc_feat_diagonals, kennysheep_nondescript,
          uniq_menkaure
D:7:      layout_cave_pods, nicolae_overflow_crystal_walls, grunt_ogre_cave,
          cheibriados_altar_1
D:8:      layout_loops_ring, due_lair_maze_entry_diamond, serial_shops,
          shop_fountains, shop, shop
Temple:   compressed_dpeg_triangle_lava_temple

Skill      XL: |  1  2  3  4  5  6  7  8  9 |
---------------+----------------------------+-----
Axes           | 3 4 5 6 |  6.0
Dodging        | 2 3 |  3.9
Armour         | 3 4 5 |  5.2
Fighting       | 4 5 6 7 |  7.2
Shields        | 2 4 |  4.1

Action                   |  1- 3 |  4- 6 |  7- 9 || total
-------------------------+-------+-------+-------++-------
Melee: Hand axe          |   134 |   306 |   243 ||   683
       Unarmed           |       |     7 |       ||     7
Invok: Berserk           |       |     3 |     4 ||     7
  Use: Scroll            |       |       |    11 ||    11
 Stab: Distracted        |     1 |       |       ||     1
  Eat: Chunk             |     2 |     9 |    11 ||    22
       Ration            |       |     1 |       ||     1
Armor: Animal skin       |    42 |     5 |       ||    47
       Plate armour      |       |   259 |   162 ||   421
       Skin              |       |     1 |       ||     1
Dodge: Dodged            |    93 |   150 |    65 ||   308
Block: Shield            |       |       |    85 ||    85
